 Dungeon Crawl Stone Soup version 0.30.1-9-gdf580d7c3d (webtiles) character file.

Game seed: 5344445512191106209

2506 Cheops the Tainter (level 9, -4/66 (68) HPs)
             Began as a Naga Fire Elementalist on Sept 27, 2023.
             Was an Initiate of Sif Muna.
             Killed themself with a badly aimed concussive blast (18 damage)
             ... on level 7 of the Dungeon.
             The game lasted 00:48:16 (10053 turns).

Cheops the Tainter (Naga Fire Elementalist)        Turns: 10053, Time: 00:48:17

HP:   -4/66 (68)    AC: 12    Str: 12    XL:     9   Next: 53%
MP:   6/24          EV:  7    Int: 19    God:    Sif Muna [......]
Gold: 280           SH:  5    Dex: 14    Spells: 2/16 levels left

rFire   . . .        a - +2 short sword (elec)
rCold   . . .        (no shield)
rNeg    . . .        v - +3 leather armour "Halepud" {Will+ Dex+3}
rPois   +            s - +0 helmet
rElec   .            (no cloak)
rCorr   .            (no gloves)
SInv    +            z - +0 barding
Will    ++...        i - amulet of reflection
Stlth   +++          j - ring of wizardry
HPRegen 0.31/turn    A - ring of magical power
MPRegen 0.19/turn

%: reflection, wizardry (x1)
@: lightly drained, very slow
A: AC +3, large, see invisible, deformed body, poison resistance, slowness 2,
spit poison 1, naga tail 1
a: Spit Poison, Renounce Religion


You were on level 7 of the Dungeon.
You worshipped Sif Muna.
Sif Muna was noncommittal.
You visited 2 branches of the dungeon, and saw 8 of its levels.

You collected 280 gold pieces.

Inventory:

Hand Weapons
 a - a +2 short sword of electrocution (weapon)
Missiles
 k - 2 throwing nets
Armour
 d - a +0 buckler
 s - a +0 helmet (worn)
 v - the +3 leather armour "Halepud" (worn) {Will+ Dex+3}
   (You found it on level 6 of the Dungeon)

   Dex:       It affects your dexterity (+3).
   Will:      It increases your willpower.
 z - a +0 barding (worn)
Magical Staves
 u - a staff of cold
Jewellery
 e - a +5 ring of evasion
 i - an amulet of reflection (around neck)
 j - a ring of wizardry (left hand)
 A - a ring of magical power (right hand)
 F - a ring of protection from cold
Wands
 c - a wand of iceblast (2)
 E - a wand of flame (19)
Scrolls
 o - a scroll of blinking
 p - 2 scrolls of vulnerability
 r - 2 scrolls of immolation
 t - a scroll of brand weapon
 y - a scroll of fear
 B - a scroll of poison
 C - a scroll of summoning
 D - 3 scrolls of teleportation
Potions
 b - a potion of magic
 f - 2 potions of haste
 g - 3 potions of resistance
 h - a potion of curing {unknown}
 l - 2 potions of might {unknown}
 m - 6 potions of attraction {unknown}
 q - a potion of mutation {unknown}
 w - 4 potions of degeneration {unknown}
 x - a potion of lignification {unknown}


   Skills:
 - Level 3.0 Short Blades
 - Level 1.5 Dodging
 - Level 7.0 Stealth
 - Level 4.0 Spellcasting
 - Level 6.0 Conjurations
 - Level 2.0 Translocations
 + Level 6.3 Fire Magic
 - Level 8.0 Poison Magic
 - Level 2.0 Evocations


You had 2 spell levels left.
You knew the following spells:

 Your Spells              Type           Power      Damage    Failure   Level
a - Foxfire               Conj/Fire      100%       2x1d9     1%          1
o - Olgreb's Toxic Radia  Pois           34%        N/A       2%          4
s - Scorch                Fire           54%        2d7       1%          2
v - Volatile Blastmotes   Fire/Tloc      38%        2d13      4%          3
w - Flame Wave            Conj/Fire      27%        2d9       6%          4

Your spell library contained the following spells:

 Spells                   Type           Power      Damage    Failure   Level
 Sting                    Tmut/Pois      76%        1d6       1%          1
 Momentum Strike          Conj/Tloc      38%        3d9       1%          2
 Poisonous Vapours        Pois/Air       38%        N/A       1%          2
 Blink                    Tloc           22%        N/A       4%          2
 Lesser Beckoning         Tloc           22%        N/A       4%          2
 Inner Flame              Hex/Fire       15%        N/A       6%          3
 Ozocubu's Armour         Ice            3%         N/A       21%         3
 Metabolic Englaciation   Hex/Ice        1%         N/A       86%         5
 Simulacrum               Ice/Necr       1%         N/A       100%        6


Dungeon Overview and Level Annotations

Branches:
Dungeon (7/15)             Temple (1/1) D:4

Altars:
Ashenzari
Cheibriados
Dithmenos
Elyvilon
Gozag
Hepliaklqana
Kikubaaqudgha
Makhleb
Nemelex Xobeh
Okawaru
Qazlal
Ru
Sif Muna
Trog
Uskayaw
Vehumet
Wu Jian
Xom
Yredelemnul
Zin

Shops:
D:5 *

Annotations:
D:7 2 transporters, gdog's ghost, novice GnDe


Innate Abilities, Weirdness & Mutations

Your serpentine skin is tough. (AC +3)
You have supernaturally acute eyesight. (SInv)
Armour fits poorly on your strangely shaped body.
Your system is resistant to poisons. (rPois)
You cover ground very slowly.
You can spit poison.
You have a snake-like lower body.


Message History

The ogre's fire resistance burns away.
Casting: Scorch (safe; 1% risk of failure)
Confirm with . or Enter, or press ? or * to list all spells.
Flames lash the ogre.
The ogre is burned terribly!
The ogre is moderately wounded.
Casting: Scorch (safe; 1% risk of failure)
Confirm with . or Enter, or press ? or * to list all spells.
Flames lash the ogre.
The ogre is burned terribly!
The ogre is heavily wounded.
The shadow imp spits at you.
The ogre hits you with a +0 giant club!!
* * * LOW HITPOINT WARNING * * *
Casting: Scorch (safe; 1% risk of failure)
Confirm with . or Enter, or press ? or * to list all spells.
Flames lash the ogre.
The ogre is burned terribly!
The ogre is almost dead.
The bullfrog snags a nearby moth with its tongue.
The ogre hits you with a +0 giant club!!
* * * LOW HITPOINT WARNING * * *
Casting: Scorch (safe; 1% risk of failure)
Confirm with . or Enter, or press ? or * to list all spells.
Flames lash the ogre.
The ogre is burned terribly!
You kill the ogre!
Sif Muna accepts your kill.
Casting: Scorch (safe; 1% risk of failure)
Confirm with . or Enter, or press ? or * to list all spells.
A cloud of volatile blastmotes flares up around you!
The cloud of blastmotes explodes!
The concussive blast engulfs the wight!
The wight is heavily damaged.
Casting: Volatile Blastmotes (dangerous; 4% risk of failure)
Confirm with . or Enter, or press ? or * to list all spells.
A cloud of volatile blastmotes flares up around you!
The wight hits you with a +4 morningstar.
* * * LOW HITPOINT WARNING * * *
You feel drained.
* * * LOW HITPOINT WARNING * * *
The cloud of blastmotes explodes!
The concussive blast engulfs the wight!
The wight is almost destroyed.
The concussive blast engulfs you!!
You die...

#...........##.[..........
#..........#.##.#####.#.###
#####.#.##.#.##.# #.#.#
#.#.##.#.##.#####.#.#
#.#.##.#.##....##.#.#
....##.#.<..........### #
####.#####...#.#.[... #.#
##...(..###. #@# ##.#.#.#
#. #z# #.....# #. #.#
#.##.## #. ##.# #....# #.
##..# #.#### #. ###...#
#....####. ##.....##
#.....##. ##)..©...##
#.....##. ##..#####..##
#........


You could see a wight.

Vanquished Creatures
  Grinder (D:5)
  Sigmund (D:2)
  Eustachio (D:4)
  Edmund (D:6)
  3 black bears
  An ice beast (D:6)
  4 ogres
  A centaur (D:7)
  A kobold brigand (D:7)
  Blork the orc (D:4)
  2 scorpions (D:5)
  2 bullfrogs (D:7)
  3 wights
  4 hounds
  2 jellies
  3 orc priests
  Jessica (D:2)
  An orc wizard (D:4)
  3 sleepcaps
  Robin (D:2)
  3 gnolls (D:6)
  6 adders
  2 worms
  4 dart slugs
  14 orcs
  6 endoplasms
  3 giant cockroaches
  15 goblins
  10 hobgoblins
  4 jackals (D:5)
  16 kobolds
  2 quokkas (D:1)
  6 ball pythons
  4 bats
  2 frilled lizards
  7 rats
141 creatures vanquished.

Vanquished Creatures (others)
  188 foxfires
188 creatures vanquished.

Grand Total: 329 creatures vanquished

Notes
Turn   | Place    | Note
-------+----------+-------------------------------------------
     0 | D:1      | Cheops the Naga Fire Elementalist began the quest for the
                  | Orb.
     0 | D:1      | Reached XP level 1. HP: 15/15 MP: 3/3
   254 | D:1      | Reached XP level 2. HP: 22/22 MP: 5/5
   320 | D:1      | Learned a level 2 spell: Scorch
   448 | D:1      | Reached XP level 3. HP: 18/28 MP: 0/6
   452 | D:1      | Learned a level 3 spell: Volatile Blastmotes
  1085 | D:2      | Reached skill level 1 in Translocations
  1348 | D:2      | Noticed Jessica
  1356 | D:2      | Killed Jessica
  1357 | D:2      | Reached XP level 4. HP: 24/36 MP: 0/7
  1434 | D:2      | Noticed Robin
  1533 | D:2      | Killed Robin
  1760 | D:2      | Found a shimmering altar of Xom.
  1761 | D:2      | Noticed Sigmund
  2102 | D:3      | Reached XP level 5. HP: 39/42 MP: 5/8
  2380 | D:3      | You fall into a shaft and drop 3 floors!
  2430 | D:6      | Noticed an ice beast
  2443 | D:6      | Killed an ice beast
  2444 | D:6      | Reached XP level 6. HP: 49/49 MP: 3/10
  2518 | D:6      | Identified the +3 leather armour "Halepud" {Will+ Dex+3}
  2553 | D:5      | Entered Level 5 of the Dungeon
  2678 | D:6      | Reached XP level 7. HP: 55/55 MP: 0/11
  2776 | D:6      | Learned a level 4 spell: Flame Wave
  2998 | D:4      | Noticed Eustachio
  4379 | D:2      | Killed Sigmund
  4380 | D:2      | Reached skill level 5 in Conjurations
  4380 | D:2      | Reached skill level 5 in Fire Magic
  5372 | D:4      | Reached XP level 8. HP: 62/62 MP: 12/12
  5668 | D:4      | Killed Eustachio
  5677 | D:4      | Reached skill level 1 in Evocations
  5862 | D:4      | Noticed Blork the orc
  5874 | D:4      | Killed Blork the orc
  6046 | D:4      | Found a staircase to the Ecumenical Temple.
  6058 | Temple   | Entered the Ecumenical Temple
  6241 | Temple   | Became a worshipper of Sif Muna the Loreminder
  6968 | D:5      | Found a glowing golden altar of the Shining One.
  6971 | D:5      | Found a burning altar of Makhleb.
  6971 | D:5      | Found a burning altar of Makhleb.
  6973 | D:5      | Found a broken altar of Ashenzari.
  6973 | D:5      | Found a shimmering altar of Xom.
  6973 | D:5      | Found a stormy altar of Qazlal.
  7185 | D:5      | Found an opulent altar of Gozag.
  7186 | D:5      | Found Gozag's Platinum Reserve.
  7188 | D:5      | Noticed Grinder
  7194 | D:5      | Killed Grinder
  7195 | D:5      | Reached skill level 3 in Poison Magic
  7195 | D:5      | Reached XP level 9. HP: 68/68 MP: 15/15
  7200 | D:5      | Learned a level 4 spell: Olgreb's Toxic Radiance
  7677 | D:4      | Found a staircase to the Ecumenical Temple.
  8382 | D:5      | Found an opulent altar of Gozag.
  8507 | D:5      | Found a burning altar of Makhleb.
  8507 | D:5      | Found a burning altar of Makhleb.
  8509 | D:5      | Found a shimmering altar of Xom.
  8509 | D:5      | Found a stormy altar of Qazlal.
  8852 | D:6      | Noticed Edmund
  8855 | D:6      | Reached skill level 4 in Poison Magic
  8861 | D:6      | Killed Edmund
  8862 | D:6      | Reached skill level 5 in Poison Magic
  9598 | D:7      | Reached skill level 6 in Poison Magic
  9719 | D:7      | Found a transporter.
  9728 | D:7      | Reached skill level 7 in Poison Magic
  9999 | D:7      | Found a transporter.
 10002 | D:7      | Noticed gdog's ghost (novice GnDe)
 10032 | D:7      | Reached skill level 8 in Poison Magic
 10053 | D:7      | Killed themself with a badly aimed concussive blast

Illustrated notes

Levels and vault maps discovered:
D:1:      minmay_arrival_loop, layout_loops_ring, dreamdust_princess_corridor
D:2:      layout_rooms, basic_altar, uniq_robin, uniq_sigmund, uniq_jessica
D:3:      layout_basic, st_stairs_14, minmay_unequal
D:4:      layout_basic, temple_fountains, uniq_eustachio, uniq_blork_the_orc
D:5:      layout_rooms, doesnt_xom_only_xom, nicolae_gozag_zags_fifth_avenue,
          grunt_ministairs_15, minmay_misc_feat_diagonals, uniq_grinder
D:6:      layout_rooms, uniq_edmund
D:7:      layout_loops_ring, nicolae_overflow_two_pavilions, nzn_ghost_randoct,
          serial_glass, glass_columns_a, glass_columns_a,
          uniq_crazy_yiuf_cottage
Temple:   regret_index_temple_chain_breaker

Skill      XL: |  1  2  3  4  5  6  7  8  9 |
---------------+----------------------------+-----
Conjurations   | 2 3 4 5 6 |  6.0
Translocations | 2 |  2.0
Fire Magic     | 4 5 6 |  6.3
Spellcasting   | 3 4 |  4.0
Short Blades   | 2 3 |  3.0
Stealth        | 6 7 |  7.0
Evocations     | 2 |  2.0
Poison Magic   | 3 8 |  8.0
Dodging        | |  1.5

Action                     |  1- 3 |  4- 6 |  7- 9 || total
---------------------------+-------+-------+-------++-------
  Melee: Unarmed           |     3 |       |       ||     3
         Dagger            |     7 |    16 |    37 ||    60
         Short sword       |       |       |    75 ||    75
         Punch             |       |       |     1 ||     1
   Cast: Foxfire           |    32 |    41 |    31 ||   104
         Scorch            |     4 |     8 |    36 ||    48
         Volatile Blastmot |       |     4 |     3 ||     7
         Flame Wave        |       |       |    12 ||    12
         Olgreb's Toxic Ra |       |       |     2 ||     2
Ability: Spit Poison       |    15 |    14 |     6 ||    35
  Evoke: Wand              |       |       |     2 ||     2
    Use: Scroll            |       |     4 |     8 ||    12
   Stab: Sleeping          |       |       |     6 ||     6
 Armour: Robe              |     3 |     3 |       ||     6
         Leather armour    |       |     2 |    67 ||    69
  Dodge: Dodged            |     9 |    19 |   115 ||   143
  Block: Other             |       |     5 |    34 ||    39
